 Dungeon Crawl Stone Soup version 0.19.0-2-gae57169 (webtiles) character file.

219 poirepourri the Shield-Bearer (level 5, -3/33 HPs)
             Began as a Gargoyle Fighter on Nov 3, 2016.
             Killed from afar by a quokka (36 damage)
             ... with an exploding inner flame
             ... hexed by the player character
             ... on level 4 of the Dungeon.
             The game lasted 00:04:29 (3311 turns).

poirepourri the Shield-Bearer (Gargoyle Fighter)    Turns: 3311, Time: 00:04:30

Health: -3/33      AC: 13    Str: 25    XL:     5   Next: 96%
Magic:  5/5        EV:  8    Int:  9    God:
Gold:   139        SH: 10    Dex:  9    Spells: 0 memorised, 4 levels left

rFire  . . .     SeeInvis .     a - +0 flail
rCold  . . .     Gourm    .     b - +1 scale mail
rNeg   + . .     Faith    .     c - +0 shield
rPois  ∞         Spirit   .     (no helmet)
rElec  +         Reflect  .     q - +0 cloak
rCorr  .         Harm     .     (no gloves)
MR     .....                    (no boots)
Stlth  ..........               (no amulet)
                                (no ring)
                                (no ring)

@: mighty
A: negative energy resistance 1, electricity resistance, unbreathing,
petrification resistance, rot immunity, AC +4
a: no special abilities


You were on level 4 of the Dungeon.
You were not hungry.

You visited 1 branch of the dungeon, and saw 4 of its levels.

You collected 139 gold pieces.

Inventory:

Hand Weapons
 a - a +0 flail (weapon)
Missiles
 g - 23 poisoned needles
 v - 20 bolts
Armour
 b - a +1 scale mail (worn)
 c - a +0 shield (worn)
 q - a +0 cloak (worn)
Jewellery
 u - a +1 ring of protection {unknown}
Scrolls
 k - a scroll of remove curse
 t - a scroll of immolation
Potions
 e - a potion of ambrosia
 j - a potion of resistance {unknown}
 l - a potion of invisibility {unknown}
 m - a potion of heal wounds {unknown}
 n - 2 potions of curing {unknown}
 o - a potion of cancellation {unknown}
 p - a potion of flight {unknown}
Comestibles
 f - 3 bread rations
 h - 2 meat rations
 s - 2 fruits


   Skills:
 + Level 3.8 Fighting
 + Level 3.2 Maces & Flails
 + Level 4.1 Armour
 + Level 1.5 Dodging
 + Level 4.9 Shields


You had 4 spell levels left.
You didn't know any spells.

Dungeon Overview and Level Annotations

Branches:
Dungeon (4/15)
 Temple: D:4-7

Altars:
Hepliaklqana
Xom


Innate Abilities, Weirdness & Mutations

You are resistant to torment.
Your stone body is resilient. (AC +4)
You are immune to poison.
You resist negative energy. (rN+)
You are resistant to electric shocks. (rElec)
You can survive without breathing.
You are immune to petrification.
You are immune to rotting.


Message History

You block the hound skeleton's attack. The hound skeleton closely misses you.
You thump the hound skeleton!
You destroy the hound skeleton!
A quokka and a hill giant come into view.
Found 21 bolts and 8 gold pieces.
There is an open door here.
There are monsters nearby!
There are monsters nearby!
As you read the scroll labeled IWY NOLOINIPURCH, it crumbles to dust.
The creatures around you are filled with an inner flame!
It was a scroll of immolation.
You feel very mighty all of a sudden. You block the quokka's attack.
You bludgeon the quokka!!
The quokka explodes!
The fiery explosion engulfs the hill giant.
The hill giant is moderately wounded.
The fiery explosion engulfs you!
Ouch! That really hurt!
You die...

$...##
#.....
#.....
#.....
#..C..
#.....
#.....#####
+...C§@.#
#...###.#
#...
#.##+####
#.r.
#.......#
#...
##......#
#...
#......#
....
#......#
....(
#......#
#......#


You could see a hill giant.

Vanquished Creatures
  An orc wizard (D:3)
  Ijyb (D:2)
  A hound skeleton (D:4)
  Robin (D:2)
  3 adders
  2 oozes (D:1)
  A dart slug (D:2)
  A leopard gecko (D:1)
  9 orcs (D:3)
  A ball python (D:3)
  6 giant cockroaches
  19 goblins
  8 hobgoblins
  3 jackals (D:2)
  3 quokkas (D:2)
  9 bats
  3 frilled lizards
  12 kobolds
  5 rats
89 creatures vanquished.

Notes
Turn   | Place    | Note
-------+----------+-------------------------------------------
     0 | D:1      | poirepourri the Gargoyle Fighter began the quest for the Orb.
     0 | D:1      | Reached XP level 1. HP: 14/14 MP: 1/1
   192 | D:1      | Reached XP level 2. HP: 8/19 MP: 2/2
   767 | D:1      | Reached XP level 3. HP: 23/23 MP: 3/3
  1240 | D:2      | Noticed Ijyb
  1267 | D:2      | Killed Ijyb
  1267 | D:2      | Reached XP level 4. HP: 19/28 MP: 4/4
  1763 | D:2      | Reached skill level 1 in Dodging
  1885 | D:2      | Noticed Robin
  1968 | D:2      | Found a hazy altar of Hepliaklqana.
  2033 | D:2      | Found a faded altar of an unknown god.
  2033 | D:2      | Found a shimmering altar of Xom.
  2038 | D:2      | Found a faded altar of an unknown god.
  2040 | D:2      | Found a faded altar of an unknown god.
  2041 | D:2      | Found a faded altar of an unknown god.
  2111 | D:2      | Killed Robin
  2111 | D:2      | Reached XP level 5. HP: 32/33 MP: 5/5
  3306 | D:4      | Noticed a hill giant
  3311 | D:4      | Killed from afar by a quokka

Skill      XL: |  1  2  3  4  5 |
---------------+----------------+-----
Shields        | 4 |  4.9
Dodging        | 1 |  1.5
Armour         | 4 |  4.1
Maces & Flails | 3 |  3.2
Fighting       | |  3.8

Action                   |  1- 3 |  4- 6 || total
-------------------------+-------+-------++-------
Melee: Flail             |   169 |   238 ||   407
  Use: Scroll            |     6 |     5 ||    11
       Potion            |       |     2 ||     2
  Eat: Meat ration       |     1 |       ||     1
       Pizza             |       |     2 ||     2
       Bread ration      |       |     1 ||     1
Armor: Scale mail        |   159 |   196 ||   355
Dodge: Dodged            |   101 |   142 ||   243
Block: Shield            |   180 |   217 ||   397
